 Dungeon Crawl Stone Soup version 0.24.0-13-gcf9b319 (webtiles) character file.

Game seed: 12417894422258836020, levelgen mode: deterministic

199 Bronimir the Poker (level 5, -4/45 HPs)
             Began as a Centaur Warper on Apr 7, 2020.
             Slain by Sigmund
             ... wielding a +0 scythe
              (11 damage)
             ... on level 4 of the Dungeon.
             The game lasted 00:07:51 (4752 turns).

Bronimir the Poker (Centaur Warper)                 Turns: 4752, Time: 00:07:52

Health: -4/45      AC:  4    Str: 15    XL:     5   Next: 48%
Magic:  5/7        EV:  9    Int: 12    God:
Gold:   134        SH:  0    Dex:  8    Spells: 3/7 levels left

rFire    . . .     SeeInvis .   a - +0 spear
rCold    . . .     Gourm    .   (no shield)
rNeg     . . .     Faith    .   s - +0 leather armour
rPois    .         Spirit   .   (no helmet)
rElec    .         Reflect  .   (no cloak)
rCorr    .         Harm     .   (no gloves)
MR       .....                  (no barding)
Stlth    ..........             (no amulet)
HPRegen  0.15/turn              (no ring)
MPRegen  0.10/turn              (no ring)

@: shrouded, very slightly contaminated, very quick
A: large, hooves 3, deformed body, speed 2, tough skin 3
a: no special abilities


You were on level 4 of the Dungeon.
You were very hungry.

You visited 1 branch of the dungeon, and saw 4 of its levels.

You collected 134 gold pieces.

Inventory:

Hand Weapons
 a - a +0 spear (weapon)
 b - a +0 hunting sling
Missiles
 c - a sling bullet
 e - 5 boomerangs of dispersal (quivered)
 g - 33 arrows
 m - 31 stones
 n - a throwing net
 q - 19 poisoned darts
Armour
 s - a +0 leather armour (worn)
Jewellery
 k - an uncursed amulet of the gourmand {unknown}
Scrolls
 d - 3 scrolls of blinking
 i - a scroll of magic mapping {unknown}
 l - a scroll of immolation {unknown}
 o - a scroll of enchant weapon {unknown}
 p - a scroll of identify {unknown}
Potions
 h - a potion of ambrosia {unknown}
 j - 3 potions of lignification {unknown}
 r - 2 potions of agility {unknown}
 t - a potion of brilliance {unknown}
Comestibles
 f - 8 rations


   Skills:
 * Level 3.1 Fighting
 * Level 3.2 Polearms
 + Level 1.0(1.3) Slings
 + Level 1.1(1.3) Throwing
 * Level 2.0 Armour
 * Level 2.1 Dodging
 + Level 1.7 Spellcasting
 + Level 2.6 Translocations


You had 3 spell levels left.
You knew the following spells:

 Your Spells              Type           Power        Failure   Level  Hunger
a - Blink                 Tloc           N/A          17%         2    ###....
b - Shroud of Golubria    Chrm/Tloc      #.....       30%         2    ###....

Your spell library contained the following spells:

 Spells                   Type           Power        Failure   Level  Hunger
 Gell's Gravitas          Tloc           #.........   34%         3    ####...
 Lesser Beckoning         Tloc           #.........   34%         3    ####...
 Teleport Other           Tloc           #.......     34%         3    ####...
 Passage of Golubria      Tloc           N/A          75%         4    #####..


Dungeon Overview and Level Annotations

Branches:
Dungeon (4/15)
 Temple: D:4-7

Altars:
Ashenzari
Kikubaaqudgha
Sif Muna
Trog
Vehumet
Wu Jian

Annotations:
D:4 Sigmund


Innate Abilities, Weirdness & Mutations

You have hooves in place of feet.
Armour fits poorly on your strangely shaped body.
You cover ground very quickly.
You have extremely tough skin. (AC +3)


Message History

The magic dart hits you!
* * * LOW HITPOINT WARNING * * *
You barely miss Sigmund.
Sigmund is severely wounded.
Your shroud bends Sigmund's attack away.
You hit Sigmund.
Sigmund is severely wounded.
You hit Sigmund.
Sigmund is severely wounded.
Sigmund hits you with a +0 scythe.
* * * LOW HITPOINT WARNING * * *
You hit Sigmund.
Sigmund is almost dead.
Sigmund hits you but does no damage.
You hit Sigmund. Your kick misses Sigmund.
Sigmund is almost dead.
You hit Sigmund. You kick Sigmund, but do no damage.
Sigmund is almost dead.
Sigmund hits you with a +0 scythe!
You die...

#######
#.....#############
#.###.............# #.#
#############.# #.## #.#
#..## #.#
#####...#############.#
#.....#...............#
#.###...##@<########..#
#.# ##.###@.########..#
#.# #..(.....#.......###
#.####..#####.#.####....#
#.......# #.#.# #.##.#
#.......# #...# #.##.###
#.......# #.### #.##.#..
#.......#####.# #.#.....
#.............# #...#...


You could see Sigmund.

Vanquished Creatures
  3 worker ants
  3 adders
  4 gnolls (D:2)
  2 worms
  4 leopard geckos
  3 bats
  2 giant cockroaches (D:3)
  8 goblins
  5 hobgoblins
  4 jackals (D:3)
  3 quokkas
  A ball python (D:2)
  A ball python skeleton (D:4)
  4 frilled lizards
  5 kobolds
  A quokka skeleton (D:2)
  4 rats
57 creatures vanquished.

Vanquished Creatures (others)
  A rat (D:2)
1 creature vanquished.

Grand Total: 58 creatures vanquished

Notes
Turn   | Place    | Note
-------+----------+-------------------------------------------
     0 | D:1      | Bronimir the Centaur Warper began the quest for the Orb.
     0 | D:1      | Reached XP level 1. HP: 17/17 MP: 3/3
   305 | D:1      | Reached XP level 2. HP: 24/24 MP: 4/4
   641 | D:2      | Found a radiant altar of Vehumet.
   767 | D:2      | Reached XP level 3. HP: 21/29 MP: 5/5
  1243 | D:2      | Reached skill level 1 in Armour
  1407 | D:2      | Found an ornate altar of the Wu Jian Council.
  1483 | D:2      | Reached XP level 4. HP: 13/37 MP: 6/6
  2195 | D:2      | Found a shattered altar of Ashenzari.
  2196 | D:2      | Found a shimmering blue altar of Sif Muna.
  2196 | D:2      | Found an ancient bone altar of Kikubaaqudgha.
  2205 | D:2      | Found a bloodstained altar of Trog.
  2211 | D:2      | Learned a level 2 spell: Blink
  2214 | D:2      | Learned a level 2 spell: Shroud of Golubria
  2259 | D:2      | Found a faded altar of an unknown god.
  3625 | D:3      | Reached XP level 5. HP: 44/45 MP: 7/7
  4036 | D:4      | Reached skill level 1 in Slings
  4050 | D:4      | HP: 2/45 [poisoned by a worker ant]
  4057 | D:4      | HP: 1/45 [poisoned by a worker ant]
  4065 | D:4      | HP: 1/45 [poisoned by a worker ant]
  4460 | D:4      | Noticed Sigmund
  4752 | D:4      | Slain by Sigmund

Levels and vault maps discovered:
D:1:      sevenhm_arrival_forest_fort_small_3, layout_loops_ring
D:2:      layout_basic, lemuel_crystal_altar, fiery_altar_vehumet,
          chequers_temple_overflow_statue_of_worship,
          chequers_ecumenical_altar_simple_redux, interstate_on_off,
          feat_on_display
D:3:      layout_basic, first_ration
D:4:      layout_loops_ring, marbit_many_paths, temple_doors_e, serial_shops,
          shop, minmay_tree_intersection, minmay_misc_feat_pillars, uniq_sigmund

Skill      XL: |  1  2  3  4  5 |
---------------+----------------+-----
Polearms       | 2 3 |  3.2
Armour         | 1 2 |  2.0
Fighting       | 3 |  3.1
Dodging        | 2 |  2.1
Slings         | 1 |  1.0
Throwing       | |  1.1
Spellcasting   | |  1.7
Translocations | |  2.6

Action                   |  1- 3 |  4- 6 || total
-------------------------+-------+-------++-------
Melee: Spear             |   105 |   100 ||   205
       Kick              |    13 |     6 ||    19
 Fire: Hunting sling     |       |    68 ||    68
 Cast: Shroud of Golubri |       |     1 ||     1
  Eat: Chunk             |       |     9 ||     9
Armor: Leather armour    |    24 |    46 ||    70
Dodge: Dodged            |    60 |    53 ||   113
